 Dungeon Crawl Stone Soup version 0.20-a0-217-g17e8ceb (webtiles) character file.

245454 Faca the Executioner (level 20, -15/145 HPs)
             Began as a Formicid Fighter on Nov 25, 2016.
             Was the Champion of Trog.
             Killed from afar by a frost giant (48 damage)
             ... with a bolt of cold
             ... on level 2 of the Vaults on Nov 29, 2016.
             The game lasted 04:34:12 (35118 turns).

Faca the Executioner (Formicid Fighter)            Turns: 35118, Time: 04:34:13

Health: -15/145    AC: 31    Str: 33      XL:     20   Next: 74%
Magic:  20/20      EV:  9    Int: 11 (12) God:    Trog [******]
Gold:   3019       SH: 30    Dex: 16      Spells: 19/19 levels left

rFire  + + .     SeeInvis +     J - +8 frozen axe "Frostbite" {freezing cloud, *Noise +Fly rC+}
rCold  . . .     Gourm    .     v - +4 crystal plate armour "Oviydon" {rElec rCorr}
rNeg   . . .     Faith    .     M - +2 large shield {reflect}
rPois  .         Spirit   .     (helmet unavailable)
rElec  +         Reflect  +     K - +3 cloak of Liberty {rCorr Str+5 Int+2}
rCorr  +         Harm     .     N - +1 pair of gloves {archery}
MR     ++++.                    b - +0 pair of boots
Stlth  ..........               o - +3 amulet of reflection
                                C - ring of the Lonely Scars {rF+ MR+ Str+4}
                                w - ring "Dead" {rF+ rC- Str+2 Slay+2}

@: corroded
A: permanent stasis, dig shafts and tunnels, four strong arms, antennae 3, frail
1, magic resistance 1, shaggy fur 1
}: 1/15 runes: serpentine
a: Dig, Shaft Self, Trog's Hand, Brothers in Arms, Burn Spellbooks, Renounce
Religion, Evoke Flight


You were on level 2 of the Vaults.
You worshipped Trog.
Trog was exalted by your worship.
You were not hungry.

You visited 9 branches of the dungeon, and saw 32 of its levels.
You visited the Abyss 1 time.
You also visited: Trove, Volcano and Desolation.

You collected 3360 gold pieces.
You spent 341 gold pieces at shops.

Inventory:

Hand Weapons
 s - a +3 great mace of protection
 D - a +7 executioner's axe of venom
 G - the +6 falchion of Certain Death {flame, Dex+6}
   (You found it on level 2 of the Lair of Beasts)

   It has been specially enchanted to burn those struck by it, causing extra
   injury to most foes and up to half again as much damage against particularly
   susceptible opponents.
   Big, fiery blades are also staple armaments of hydra-hunters.
   It affects your dexterity (+6).
 J - the +8 frozen axe "Frostbite" (weapon) {freezing cloud, *Noise +Fly rC+}
   (Trog gifted it to you on level 5 of the Lair of Beasts)

   It has been specially enchanted to freeze those struck by it, causing extra
   injury to most foes and up to half again as much damage against particularly
   susceptible opponents.
   It can also slow down cold-blooded creatures.
   It protects you from cold.
   It lets you fly.
   It may make noises in combat.
Armour
 b - a +0 pair of boots (worn)
 v - the +4 crystal plate armour "Oviydon" (worn) {rElec rCorr}
   (You found it in a treasure trove)

   It insulates you from electricity.
   It protects you from acid and corrosion.
 y - the +5 shield of Autumn {Str+4}
   (You took it off Donald on level 1 of the Shoals)

   It affects your strength (+4).
 K - the +3 cloak of Liberty (worn) {rCorr Str+5 Int+2}
   (You found it in a treasure trove)

   It affects your strength (+5).
   It affects your intelligence (+2).
   It protects you from acid and corrosion.
 M - a +2 large shield of reflection (worn)
 N - a +1 pair of gloves of archery (worn)
Jewellery
 a - the ring "Miadybeh" {rF+ Int-3 Dex+4}
   (You took it off a deep elf mage on level 1 of the Elven Halls)

   [ring of intelligence]

   It affects your intelligence (-3).
   It affects your dexterity (+4).
   It protects you from fire.
 n - an uncursed ring of resist corrosion
 o - a +3 amulet of reflection (around neck)
 w - the ring "Dead" (left hand) {rF+ rC- Str+2 Slay+2}
   (You found it on level 8 of the Dungeon)

   [ring of slaying]

   It affects your strength (+2).
   It affects your accuracy and damage with ranged weapons and melee attacks
   (+2).
   It protects you from fire.
   It makes you vulnerable to cold.
 C - the ring of the Lonely Scars (right hand) {rF+ MR+ Str+4}
   (You found it in the Desolation of Salt)

   [ring of protection from magic]

   It affects your strength (+4).
   It protects you from fire.
   It affects your resistance to hostile enchantments.
Wands
 c - a wand of disintegration (13/24)
 E - a wand of lightning (7/15)
Scrolls
 d - 4 scrolls of enchant weapon
 e - 11 scrolls of identify
 g - a scroll of silence
 i - 6 scrolls of recharging
 k - 3 scrolls of remove curse
 p - 3 scrolls of fog
 r - a scroll of summoning
 x - a scroll of enchant armour
 I - 3 scrolls of fear
Potions
 h - a potion of magic
 j - a potion of mutation {unknown}
 m - a potion of cure mutation
 q - 5 potions of flight
 t - 3 potions of lignification
 z - 3 potions of ambrosia
 B - 6 potions of brilliance
 F - 5 potions of agility
 H - a potion of resistance
Comestibles
 f - 10 bread rations


   Skills:
 + Level 15.2 Fighting
 + Level 0.2 Long Blades
 + Level 21.9 Axes
 + Level 1.4(15.0) Maces & Flails
 + Level 12.6 Armour
 + Level 4.7 Dodging
 - Level 1.0 Stealth
 + Level 20.8 Shields
 - Level 1.1 Unarmed Combat


You had 19 spell levels left.
You didn't know any spells.

Dungeon Overview and Level Annotations

Branches:
Dungeon (14/15)            Temple (1/1) D:4            Lair (6/6) D:11
 Shoals (1/4) Lair:3        Snake (4/4) Lair:4        Slime (1/5) Lair:5
    Orc (2/2) D:10            Elf (1/3) Orc:2        Vaults (2/5) D:14
  Crypt (0/3) Vaults:2

Altars:
Ashenzari
Cheibriados
Dithmenos
Elyvilon
Fedhas
Gozag
Hepliaklqana
Kikubaaqudgha
Makhleb
Nemelex Xobeh
Okawaru
Qazlal
Ru
Sif Muna
Trog
Uskayaw
Vehumet
Xom
Yredelemnul
Zin
The Shining One
Lugonu

Shops:
D:5 [   D:10 !   D:11 :   Orc:1 (   Orc:2 !?!*   Snake:4 =!(

Annotations:
D:7 Prince Ribbit
D:9 exclusion: oklob plant


Innate Abilities, Weirdness & Mutations

You cannot be hasted, slowed, berserked, paralysed or teleported.
You can dig through walls and to a lower floor.
Your four strong arms can wield two-handed weapons with a shield.
You have a pair of large antennae on your head. (SInv)
You are frail. (-10% HP)
You are resistant to hostile enchantments. (MR+)
You are covered in fur. (AC +1)


Message History

The yaktaur is engulfed in freezing vapours.
You block the yaktaur's attack.
You slash the yaktaur! You freeze the yaktaur.
You kill the yaktaur!
Trog accepts your kill. The frost giant casts a spell at you.
The bolt of cold hits you!
* * * LOW HITPOINT WARNING * * *
The glowing orange brain pulsates.
You resist with almost no effort.
Items here: $ ( ))) [[ † The frost giant points at you and mumbles some strange words.
The bolt of cold misses you.
Items here: (( )) [ † You open the frost giant like a pillowcase!!!
You freeze the frost giant.
The frost giant is moderately wounded.
The frost giant points at you and mumbles some strange words.
The bolt of cold hits you!
You die...

# ...{.C..C....C # .......§.. #
.....§ #
##############''############## #
#..........{{CGc.............# #
#..........{OcOeO............#
##############OG##############
#################C##
..............((@).#
................)).######## #####
...................#......# #....
...................#......####...
...................#......#.###..
....../..######+#..#......#..###.
.........#......#..#......#...#'#
.........#......#..#....>.#....##
.........#......#..+......#.....#


You could see a frost giant, an eye of devastation, a glowing orange brain, a
yaktaur, a deep elf mage, a two-headed ogre and 2 ogres.

Vanquished Creatures
  Rupert (Lair:5)
  Kirke (Lair:6)
  An acid blob (Lair:5)
  A tengu reaver (Vaults:2)
  Donald (Shoals:1)
  Roxanne (Snake:4)
  9 nagarajas
  3 imperial myrmidons (Desolation)
  4 vault wardens
  Aizul (Snake:4)
  A curse skull (Vaults:2)
  A ghoul (Vaults:2)
  The ghost of jasper the Eclecticist, a journeyman DECj of Vehumet (Shoals:1)
  2 ironheart preservers
  An entropy weaver (Vaults:2)
  A deep elf annihilator (Elf:1)
  A dire elephant (Lair:6)
  An ettin (Vaults:2)
  A merfolk javelineer (Shoals:1)
  A merfolk impaler (Shoals:1)
  3 great orbs of eyes
  3 yaktaur captains (Vaults:1)
  14 naga warriors
  A deep elf high priest (Elf:1)
  6 ragged hierophants (Desolation)
  Harold (Lair:4)
  An ice dragon (Vaults:2)
  3 peacekeepers
  5 servants of whispers
  7 vault guards
  3 rakshasas
  A merfolk aquamancer (Shoals:1)
  Erica (Orc:1)
  2 death knights (Vaults:1)
  12 anacondas
  2 merfolk avatars
  4 hydras
  3 death yaks
  9 dancing weapons (Elf:1)
  A deep troll shaman (Vaults:2)
  An orc high priest (Elf:1)
  9 naga sharpshooters
  3 ogre magi (Vaults:1)
  2 large abominations (Abyss:3)
  Nergalle (D:10)
  12 deep elf knights
  Urug (Lair:4)
  6 shock serpents
  Sonja (D:10)
  A shadow wraith (Vaults:2)
  An unseen horror (shapeshifter) (Vaults:1)
  3 salamander mystics
  A glowing orange brain (Vaults:1)
  A flayed ghost (Vaults:1)
  A sea snake (Shoals:1)
  3 unseen horrors (D:13)
  6 ironbrand convokers
  7 naga ritualists
  2 deep trolls (Vaults:2)
  A wizard (Vaults:2)
  7 hill giants
  Pikel (D:9)
  2 deep elf archers (Elf:1)
  2 harpies (Lair:6)
  15 salamanders
  9 mana vipers
  6 orc knights
  A wolf spider (Vaults:1)
  An oklob plant (Lair:1)
  22 ugly things
  27 deep elf magi
  4 manticores
  2 orc sorcerers (Vaults:1)
  A guardian serpent (shapeshifter) (Abyss:3)
  2 centaur zombies
  7 elephants (Lair:6)
  Joseph (D:10)
  A water nymph (Shoals:1)
  4 cyclopes
  29 black mambas
  2 merfolk sirens
  A guardian serpent (Desolation)
  22 naga magi
  5 vault sentinels
  A molten gargoyle (Lair:1)
  5 gargoyles
  6 rime drakes
  9 spiny frogs
  13 komodo dragons
  A freezing wraith (Vaults:1)
  2 efreet
  15 yaktaurs
  5 trolls
  13 blink frogs
  7 merfolk
  11 slime creatures
  3 polar bears
  2 wind drakes (Shoals:1)
  26 saltlings
  5 two-headed ogres
  4 hornets
  11 dream sheep
  A snapping turtle (Shoals:1)
  A centaur simulacrum (D:14)
  9 hippogriffs
  A human simulacrum (Vaults:1)
  3 air elementals (Elf:1)
  2 shadows
  A spriggan (shapeshifter) (Vaults:1)
  11 wyverns
  5 water elementals
  2 fire bats (Lair:1)
  A ynoxinul (Abyss:3)
  Eustachio (D:4)
  43 yaks
  2 vampires
  6 hogs (Lair:6)
  3 hungry ghosts
  3 wraiths (Vaults:1)
  A neqoxec (Abyss:3)
  A steam dragon (D:11)
  2 vampire mosquitoes (D:13)
  3 wargs
  35 nagas
  12 water moccasins
  Duvessa (D:4)
  3 porcupines (Lair:1)
  4 ice beasts
  2 hell hounds (Lair:5)
  4 sky beasts
  5 black bears
  33 orc warriors
  A slave (D:9)
  2 phantoms
  12 ogres
  13 centaurs
  14 crocodiles
  A big kobold (D:11)
  12 bullfrogs
  Dowan (D:4)
  4 scorpions
  A wyvern skeleton (D:14)
  An elf simulacrum (Vaults:1)
  12 killer bees
  3 wights (D:7)
  8 howler monkeys
  10 crimson imps
  4 bullfrog zombies
  6 centaur skeletons
  8 hounds
  17 orc priests
  5 jellies
  A bullfrog skeleton (D:6)
  12 worker ants
  3 iguanas
  18 orc wizards
  A hound zombie (D:4)
  3 gnolls (D:7)
  11 adders
  2 howler monkey skeletons
  4 shadow imps
  5 oozes
  An adder zombie (D:8)
  3 adder skeletons
  3 worms
  2 dart slugs
  5 leopard geckos
  91 orcs
  A ball python (D:7)
  6 bats
  8 giant cockroaches
  8 goblins
  3 hobgoblins
  14 jackals
  12 kobolds
  6 quokkas
  4 frilled lizards
  5 rats
  A butterfly (Lair:4)
  3 fungi
  11 plants
1075 creatures vanquished.

Vanquished Creatures (collateral kills)
  A lich (Vaults:2)
  A tengu reaver (Vaults:2)
  3 vault wardens (Vaults:2)
  2 frost giants (Vaults:2)
  A stone giant (Vaults:2)
  A yellow draconian (Vaults:2)
  A halazid warlock (Desolation)
  A crystal guardian (Desolation)
  2 yaktaur captains
  2 servants of whispers (Desolation)
  A catoblepas (Vaults:2)
  A naga warrior (Snake:4)
  A peacekeeper (Desolation)
  A centaur warrior (Vaults:1)
  A shadow wraith (Vaults:2)
  A flayed ghost (Vaults:1)
  An ironbrand convoker (Desolation)
  2 deep elf archers (Vaults:1)
  2 deep elf magi
  A vault sentinel (Vaults:1)
  A two-headed ogre (Vaults:1)
  4 saltlings (Desolation)
32 creatures vanquished.

Vanquished Creatures (others)
  A servant of whispers (Desolation)
  A centaur warrior (D:14)
  A wizard (Vaults:1)
  4 deep elf archers
  4 yaktaurs (Vaults:1)
  A saltling (Desolation)
  6 orc warriors (Orc:2)
  A slave (D:9)
  11 centaurs
  An adder (D:4)
  5 orcs (Orc:2)
  2 fungi (Lair:6)
  8 plants
46 creatures vanquished.

Grand Total: 1153 creatures vanquished

Notes
Turn   | Place    | Note
-------+----------+-------------------------------------------
     0 | D:1      | Faca the Formicid Fighter began the quest for the Orb.
     0 | D:1      | Reached XP level 1. HP: 18/18 MP: 1/1
    52 | D:1      | Reached XP level 2. HP: 18/24 MP: 2/2
   711 | D:2      | Reached XP level 3. HP: 28/30 MP: 3/3
   748 | D:2      | You fall through a shaft for 2 floors!
  1027 | D:3      | Reached XP level 4. HP: 22/37 MP: 4/4
  1544 | D:2      | Reached skill level 3 in Axes
  1642 | D:3      | Reached XP level 5. HP: 21/42 MP: 5/5
  1999 | D:3      | Reached skill level 1 in Stealth
  2122 | D:4      | Noticed Duvessa
  2123 | D:4      | Noticed Dowan
  2145 | D:4      | Killed Duvessa
  2145 | D:4      | Reached skill level 4 in Axes
  2145 | D:4      | Reached skill level 1 in Dodging
  2145 | D:4      | Reached XP level 6. HP: 24/49 MP: 6/6
  2337 | D:4      | Noticed an ogre
  2340 | D:4      | Noticed a phantom
  2342 | D:4      | Killed an ogre
  2342 | D:4      | Reached XP level 7. HP: 42/55 MP: 7/7
  2369 | D:4      | Reached skill level 5 in Axes
  2369 | D:4      | Reached skill level 5 in Shields
  2604 | D:4      | Reached skill level 5 in Fighting
  2605 | D:4      | Noticed Eustachio
  2657 | D:4      | Killed Eustachio
  2678 | D:4      | Found a staircase to the Ecumenical Temple.
  2683 | Temple   | Entered the Ecumenical Temple
  2799 | Temple   | Became a worshipper of Trog the Wrathful
  2865 | D:4      | Reached XP level 8. HP: 62/62 MP: 8/8
  2943 | D:4      | Reached skill level 6 in Axes
  2947 | D:4      | Killed Dowan
  3222 | D:5      | Entered Level 5 of the Dungeon
  3355 | D:5      | Reached * piety under Trog
  3539 | D:5      | Found Vekytatu's Armour Shop.
  3684 | D:5      | Found an iron altar of Okawaru.
  3995 | D:6      | Reached skill level 5 in Armour
  3998 | D:6      | Found a blossoming altar of Fedhas.
  4008 | D:6      | Reached skill level 7 in Axes
  4052 | D:6      | Reached XP level 9. HP: 69/69 MP: 9/9
  4901 | D:7      | Reached skill level 8 in Axes
  5131 | D:7      | Reached ** piety under Trog
  5503 | D:7      | Noticed Prince Ribbit
  5571 | D:7      | Noticed a hippogriff
  5585 | D:7      | Killed a hippogriff
  5746 | D:8      | Got a pitted granite ring
  5748 | D:8      | Identified the ring "Dead" {rF+ rC- Str+2 Slay+2} (You found it on level 8 of the Dungeon)
  5799 | D:8      | Reached XP level 10. HP: 74/77 MP: 10/10
  5806 | D:8      | Reached skill level 9 in Axes
  6425 | D:8      | Gained mutation: You are frail. (-10% HP) [mutagenic meat]
  6426 | D:8      | Gained mutation: You are covered in fur. (AC +1) [mutagenic meat]
  6428 | D:8      | Gained mutation: You are resistant to hostile enchantments. (MR+) [mutagenic meat]
  6736 | D:9      | Reached *** piety under Trog
  6739 | D:9      | Noticed Pikel
  6747 | D:9      | Killed Pikel
  7037 | D:9      | Reached skill level 10 in Axes
  7046 | D:9      | Found a deep blue altar of Sif Muna.
  7047 | D:9      | Found a radiant altar of Vehumet.
  7388 | D:9      | Found a blossoming altar of Fedhas.
  7406 | D:9      | Noticed an oklob plant
  7517 | D:10     | Entered Level 10 of the Dungeon
  7603 | D:10     | Found Jieskiav's Distillery.
  7611 | D:10     | Bought a potion of degeneration for 16 gold pieces
  7628 | D:10     | Noticed Sonja
  7660 | D:10     | Killed Sonja
  8141 | D:10     | Reached XP level 11. HP: 52/76 MP: 11/11
  8240 | D:10     | Reached **** piety under Trog
  8240 | D:10     | Reached skill level 10 in Shields
  8329 | D:10     | Found a staircase to the Orcish Mines.
  8335 | D:10     | Noticed Nergalle
  8358 | D:10     | Noticed a spectral orc warlord
  8491 | D:10     | Killed Nergalle
  8709 | D:10     | Found a portal to a secret trove of treasure.
  8830 | D:10     | Noticed Joseph
  8841 | D:10     | Killed Joseph
  9184 | D:11     | Found Cystrion's Book Shop.
  9281 | D:11     | Noticed a brown ugly thing
  9296 | D:11     | Killed a brown ugly thing
  9334 | D:11     | HP: 1/77 [wyvern (12)]
  9710 | D:11     | Noticed a hill giant
  9718 | D:11     | Killed a hill giant
  9727 | D:11     | Reached skill level 11 in Axes
  9798 | D:11     | Noticed a cyclops
  9803 | D:11     | Killed a cyclops
 10022 | D:11     | Reached XP level 12. HP: 84/84 MP: 12/12
 10906 | D:11     | Found a staircase to the Lair.
 11058 | Lair:1   | Entered Level 1 of the Lair of Beasts
 11227 | Lair:1   | Noticed a five-headed hydra
 11236 | Lair:1   | Killed a five-headed hydra
 11352 | Lair:1   | Reached ***** piety under Trog
 11352 | Lair:1   | Reached skill level 12 in Axes
 11713 | Lair:1   | Reached skill level 1 in Maces & Flails
 11815 | Lair:2   | Noticed a five-headed hydra
 11828 | Lair:2   | Killed a five-headed hydra
 11828 | Lair:2   | Reached XP level 13. HP: 82/90 MP: 13/13
 11874 | Lair:2   | Got a crude falchion
 11875 | Lair:2   | Identified the +6 falchion of Certain Death {flame, Dex+6} (You found it on level 2 of the Lair of Beasts)
 12776 | Lair:3   | Found a staircase to the Shoals.
 13224 | Lair:4   | Identified a scroll of acquirement
 13338 | Lair:4   | Noticed Harold
 13363 | Lair:4   | Killed Harold
 13500 | Lair:4   | Noticed Urug
 13515 | Lair:4   | Killed Urug
 13877 | Lair:4   | Reached skill level 13 in Axes
 13886 | Lair:4   | Reached skill level 10 in Fighting
 13886 | Lair:4   | Reached skill level 15 in Shields
 13887 | Lair:4   | Found a staircase to the Snake Pit.
 13918 | Snake:1  | Entered Level 1 of the Snake Pit
 13931 | Snake:1  | Noticed an anaconda
 13943 | Snake:1  | Killed an anaconda
 13948 | Lair:4   | Upgraded the game from 0.20-a0-208-g55166f7 to 0.20-a0-210-gd6c29eb
 14010 | Lair:5   | Found a dark tunnel.
 14035 | Volcano  | Entered a volcano
 14392 | Lair:5   | Noticed Rupert
 14434 | Lair:5   | Killed Rupert
 14895 | Lair:5   | Received a gift from Trog
 14915 | Lair:5   | Reached XP level 14. HP: 99/99 MP: 14/14
 14962 | Lair:5   | Found a staircase to the Slime Pits.
 15385 | Lair:6   | Entered Level 6 of the Lair of Beasts
 15650 | Lair:6   | Reached skill level 14 in Axes
 15947 | Lair:6   | Noticed Kirke
 15949 | Lair:6   | Received a gift from Trog
 16599 | Lair:6   | Reached skill level 1 in Unarmed Combat
 16961 | Lair:6   | Killed Kirke
 16961 | Lair:6   | Reached XP level 15. HP: 95/107 MP: 15/15
 16980 | Lair:6   | Reached skill level 15 in Axes
 17562 | Orc:1    | Entered Level 1 of the Orcish Mines
 17562 | Orc:1    | Found Riroru's Weapon Boutique.
 17562 | Orc:1    | Noticed Erica
 17568 | Orc:1    | Killed Erica
 17568 | Orc:1    | Reached skill level 10 in Armour
 17711 | Orc:1    | Found a burning altar of Makhleb.
 17889 | Orc:2    | Entered Level 2 of the Orcish Mines
 17958 | Orc:2    | Found a staircase to the Elven Halls.
 18485 | Orc:2    | Found Aloidoest's Magic Scroll Shop.
 18485 | Orc:2    | Found Xoaz Jet's Distillery.
 18487 | Orc:2    | Found Suacrah's Assorted Antiques.
 18489 | Orc:2    | Found Sutiacs's Distillery.
 18495 | Orc:2    | Bought a potion of heal wounds for 60 gold pieces
 18495 | Orc:2    | Bought 2 potions of heal wounds for 120 gold pieces
 18498 | Orc:2    | Bought a potion of heal wounds for 60 gold pieces
 18602 | Elf:1    | Entered Level 1 of the Elven Halls
 19028 | Elf:1    | Reached ****** piety under Trog
 19499 | Elf:1    | Received a gift from Trog
 19499 | Elf:1    | Reached skill level 16 in Axes
 20057 | Elf:1    | Reached XP level 16. HP: 108/114 MP: 16/16
 20060 | Elf:1    | Got a sparkling granite ring
 20203 | Elf:1    | Cast into level 3 of the Abyss (long sword of distortion)
 20377 | Elf:1    | Escaped the Abyss
 20712 | D:12     | Found a corrupted altar of Lugonu.
 20716 | D:12     | Received a gift from Trog
 20759 | D:12     | Found a sparkling altar of Nemelex Xobeh.
 20802 | D:12     | Identified the cursed ring "Miadybeh" {rF+ Int-3 Dex+4} (You took it off a deep elf mage on level 1 of the Elven Halls)
 20982 | D:11     | Reached skill level 17 in Axes
 21069 | D:10     | You paid a toll of 2 scrolls of acquirement to enter a treasure trove
 21070 | Trove    | Entered a treasure trove
 21076 | Trove    | Got a spiked crystal plate armour
 21085 | Trove    | Got a distressingly furry cloak
 21095 | Trove    | Got a shimmering cloak
 21099 | Trove    | Got a faintly glowing large shield
 21101 | Trove    | Got an encrusted shield
 21119 | D:10     | Identified the +4 crystal plate armour "Oviydon" {rElec rCorr} (You found it in a treasure trove)
 21182 | D:10     | Identified the +0 shield "Junnuycw" {Regen+} (You found it in a treasure trove)
 21192 | D:10     | Identified the -3 large shield of Fedhas's Hope {Int+2} (You found it in a treasure trove)
 21216 | D:10     | Identified the +0 cloak of Jotoanuo {rC++ Dex-4} (You found it in a treasure trove)
 21226 | D:10     | Identified the +3 cloak of Liberty {rCorr Str+5 Int+2} (You found it in a treasure trove)
 21936 | Snake:1  | Received a gift from Trog
 22641 | Snake:2  | Noticed a nagaraja
 22649 | Snake:2  | Killed a nagaraja
 22996 | Snake:2  | Noticed a nagaraja
 23004 | Snake:2  | Killed a nagaraja
 23004 | Snake:2  | Reached XP level 17. HP: 103/121 MP: 17/17
 23794 | Snake:3  | Reached skill level 18 in Axes
 24040 | Snake:3  | Received a gift from Trog
 24197 | Snake:4  | Entered Level 4 of the Snake Pit
 24223 | Snake:4  | Found Erevew's Antique Weapon Shoppe.
 24225 | Snake:4  | Found Lefoh's Distillery.
 24227 | Snake:4  | Found Fugit's Jewellery Shoppe.
 24233 | Snake:4  | Bought a potion of heal wounds for 85 gold pieces
 24581 | Snake:4  | Noticed Aizul
 24603 | Snake:4  | HP: 4/123 [Aizul/bolt of poison (13)]
 24609 | Snake:4  | Killed Aizul
 26052 | Snake:4  | Reached XP level 18. HP: 97/129 MP: 18/18
 26077 | Snake:4  | Reached skill level 19 in Axes
 26583 | Snake:4  | Found a blossoming altar of Fedhas.
 27034 | Snake:4  | Noticed Roxanne
 27287 | Snake:4  | Received a gift from Trog
 27288 | Snake:4  | Got a scorched hunting sling {god gift}
 27289 | Snake:4  | Identified the +11 hunting sling of Yesterday {speed, +Fly rF+ Dex+3} (Trog gifted it to you on level 4 of the Snake Pit)
 27562 | Snake:4  | Got a serpentine rune of Zot
 27643 | Snake:4  | Killed Roxanne
 27757 | Snake:3  | Upgraded the game from 0.20-a0-210-gd6c29eb to 0.20-a0-217-g17e8ceb
 27945 | Slime:1  | Entered Level 1 of the Pits of Slime
 27945 | Slime:1  | Noticed an acid blob
 27951 | Slime:1  | Noticed an acid blob
 27951 | Slime:1  | Noticed an acid blob
 27955 | Lair:5   | Killed an acid blob
 28272 | Shoals:1 | Entered Level 1 of the Shoals
 28272 | Shoals:1 | Noticed Donald
 28284 | Shoals:1 | Killed Donald
 28301 | Shoals:1 | Got a spiked shield
 28612 | Lair:3   | Identified the +5 shield of Autumn {Str+4} (You took it off Donald on level 1 of the Shoals)
 28631 | Shoals:1 | Noticed jasper's ghost (journeyman DECj)
 28639 | Shoals:1 | Killed jasper's ghost
 29622 | D:12     | Received a gift from Trog
 30424 | D:13     | Received a gift from Trog
 31186 | D:14     | Found a shadowy altar of Dithmenos.
 31359 | D:14     | Found a gate to the Vaults.
 31371 | Vaults:1 | Entered Level 1 of the Vaults
 31435 | Vaults:1 | Reached skill level 20 in Axes
 31436 | Vaults:1 | Reached XP level 19. HP: 136/136 MP: 19/19
 31580 | Vaults:1 | Found a ruined gateway.
 31587 | Desolati | Entered the Desolation of Salt
 31937 | Desolati | Received a gift from Trog
 32420 | Desolati | Got a scorched broad axe
 32424 | Desolati | Got a coiled lapis lazuli ring
 32426 | Desolati | Got a translucent falchion
 32428 | Desolati | Identified the +4 falchion of Dishonesty {holy, SInv} (You found it in the Desolation of Salt)
 32430 | Desolati | Identified the cursed +3 broad axe of Teocs {freeze, rElec rC+ Str-3} (You found it in the Desolation of Salt)
 32542 | Desolati | Identified the ring of the Lonely Scars {rF+ MR+ Str+4} (You found it in the Desolation of Salt)
 33128 | Vaults:1 | Received a gift from Trog
 33481 | Vaults:1 | Reached skill level 21 in Axes
 33685 | Vaults:1 | Reached XP level 20. HP: 64/144 MP: 20/20
 34180 | Vaults:2 | Received a gift from Trog
 34457 | Vaults:2 | Reached skill level 15 in Fighting
 34552 | Vaults:2 | Found a staircase to the Crypt.
 35118 | Vaults:2 | Killed from afar by a frost giant

Vault maps used:
D:1:      dpeg_arrival_central
D:3:      corexii_shack_village
D:4:      lemuel_old_faithful, uniq_eustachio, uniq_duvessa
D:5:      serial_shops, nicolae_shop_trees, basic_altar, first_bread,
          minivault_24, hangedman_abyss_or_decor_stagger
D:6:      marbit_many_paths
D:7:      grunt_ogre_cave, uniq_prince_ribbit1
D:9:      minitemple, grunt_ministairs_11, tgw_fedhas, uniq_pikel
D:10:     david_orc_2, serial_shops, shop, enter_trove_0,
          nicolae_zen_rock_garden, uniq_sonja, uniq_joseph, uniq_nergalle
D:11:     erik_lair_dragon, serial_shops, kennysheep_little_box
D:12:     basic_altar, tgw_lugonu_bribe
D:14:     david_vaults_5, nicolae_dithmenos_shadow_blocks, grunt_ministairs_10
Temple:   hc_temple_tempest_star
Lair:1:   minmay_lair_oklob_chamber
Lair:3:   elwin_shoals_entry_stream, lemuel_fruit_tree
Lair:4:   guppyfry_snake_entry_island, lemuel_fruit_fields, uniq_urug,
          uniq_harold
Lair:5:   slime_dummy, enter_volcano_3, beast_lair_carwin_9, grunt_megastairs_1,
          uniq_rupert
Lair:6:   gammafunk_lair_ancient_temple, uniq_kirke
Shoals:1: uniq_donald
Snake:2:  spider_trap
Snake:4:  snake_pit, basic_altar, minmay_shop_star, uniq_aizul, uniq_roxanne
Orc:1:    serial_shops, nicolae_shop_temple_entry_statues_fountains,
          bloody_makhleb, uniq_erica
Orc:2:    st_orc_rangers
Elf:1:    minmay_elf_arrival_plus, evilmike_minifort,
          hangedman_elf_power_crystal, dk_noncrumbling_2, grunt_ministairs_8,
          due_unseen_surprise
Vaults:1: ontoclasm_vaults_pinch, ontoclasm_vaults_shuriken,
          hangedman_vaults_trim, st_squares, ontoclasm_vaults_ring_large,
          vaults_room_grunt_arrival_ludios, hangedman_vaults_trim,
          nicolae_vaults_little_squares_1, nicolae_vaults_rhombus_7,
          ontoclasm_vaults_idyll, v_alt_pattern_1, vaults_standard_mumra_x,
          hangedman_vaults_capsules, vaults_mumra_hex,
          portal_desolation_entry_salt
Vaults:2: st_greater_box_5, ontoclasm_vaults_eye, grunt_vaults_focal,
          nicolae_vaults_disjoint_gnomons, v_misc_22, hangedman_vaults_hat,
          ontoclasm_vaults_ring_square, grunt_vaults_diagonal, vaults_mumra_lcd,
          nicolae_vaults_rhombus_7, vaults_room_pools
Trove:    trove_armour_six_rooms
Volcano:  volcano_overflow

Skill      XL: |  1  2  3  4  5  6  7  8  9 10 11 12 13 14 15 16 17 18 19 20 |
---------------+-------------------------------------------------------------+-----
Shields        | 4 5 6 7 9 12 13 15 16 17 18 19 20 | 20.8
Fighting       | 4 5 6 7 8 9 10 11 12 13 14 15 | 15.2
Axes           | 3 4 5 7 8 10 11 12 13 14 16 17 18 20 21 | 21.9
Stealth        | 1 |  1.0
Armour         | 4 5 6 7 8 9 10 11 12 | 12.6
Dodging        | 1 2 3 4 |  4.7
Maces & Flails | 1 |  1.4
Unarmed Combat | 1 |  1.1
Long Blades    | |  0.2

Action                   |  1- 3 |  4- 6 |  7- 9 | 10-12 | 13-15 | 16-18 | 19-21 || total
-------------------------+-------+-------+-------+-------+-------+-------+-------++-------
Melee: War axe           |   108 |   124 |   256 |       |       |       |       ||   488
       Hand axe          |       |       |   121 |   659 |   290 |       |       ||  1070
       Battleaxe         |       |       |       |    22 |     6 |       |       ||    28
       Dire flail        |       |       |       |    14 |       |       |       ||    14
       Executioner's axe |       |       |       |       |   398 |   786 |   435 ||  1619
       Falchion          |       |       |       |       |    20 |       |       ||    20
       Unarmed           |       |       |       |       |    19 |       |       ||    19
Invok: Trog's Hand       |       |       |       |     2 |       |     2 |       ||     4
       Burn Spellbooks   |       |       |       |       |     1 |     5 |     1 ||     7
       Brothers in Arms  |       |       |       |       |       |     2 |     7 ||     9
 Abil: Dig               |       |       |       |     1 |       |     1 |       ||     2
  Use: Scroll            |     5 |     3 |     7 |     3 |     3 |     6 |     2 ||    29
       Potion            |     4 |     3 |     6 |     5 |     5 |    10 |     2 ||    35
 Stab: Sleeping          |       |       |     3 |       |       |       |       ||     3
       Invisible         |       |       |       |       |       |     2 |       ||     2
       Distracted        |       |       |       |       |       |       |     2 ||     2
  Eat: Royal jelly       |     1 |       |       |       |       |     2 |     1 ||     4
       Beef jerky        |       |     2 |     4 |     5 |     2 |     1 |     3 ||    17
       Meat ration       |       |       |     1 |     2 |     3 |     2 |       ||     8
       Pizza             |       |       |     1 |     1 |       |       |       ||     2
       Chunk             |       |       |       |     4 |       |       |       ||     4
       Fruit             |       |       |       |     4 |     8 |     3 |       ||    15
       Bread ration      |       |       |       |       |       |     5 |     2 ||     7
Armor: Scale mail        |    51 |    48 |   158 |    23 |       |       |       ||   280
       Plate armour      |       |       |       |    94 |   174 |    20 |       ||   288
       Crystal plate arm |       |       |       |       |       |   198 |   124 ||   322
Dodge: Dodged            |    52 |    51 |   117 |    80 |   140 |    96 |    49 ||   585
Block: Shield            |    74 |    77 |   233 |    13 |       |       |       ||   397
       Reflection        |       |       |     4 |    17 |   129 |   149 |    55 ||   354
       Large shield      |       |       |       |   526 |   779 |   999 |   487 ||  2791
       Rpst.: Falchion   |       |       |       |       |     2 |       |       ||     2
